 Dungeon Crawl Stone Soup version 0.28-a0-537-g3bccd9ccbf (webtiles) character file.

Game seed: 9784150803138516955

114 Spaninq the Stinger (level 4, -9/32 HPs)
             Began as a Gnoll Venom Mage on Sept 27, 2021.
             Killed by divine providence
             ... invoked by an orc priest
              (15 damage)
             ... on level 3 of the Dungeon.
             The game lasted 00:04:40 (1710 turns).

Spaninq the Stinger (Gnoll Venom Mage)              Turns: 1710, Time: 00:04:40

Health: -9/32      AC:  2    Str:  7    XL:     4   Next: 97%
Magic:  6/11       EV: 13    Int: 15    God:
Gold:   65         SH:  0    Dex: 13    Spells: 11/13 levels left

rFire   . . .      SeeInvis .   f - +3 trident (protect)
rCold   . . .      Faith    .   (no shield)
rNeg    . . .      Spirit   .   a - +0 robe
rPois   .          Reflect  .   (no helmet)
rElec   .          Harm     .   (no cloak)
rCorr   .          Rampage  .   (no gloves)
Will    .....                   (no boots)
Stlth   +++.......              (no amulet)
HPRegen 0.10/turn               (no ring)
MPRegen 0.12/turn               (no ring)

@: no status effects
A: fangs 1, strong nose, distributed training
a: no special abilities


You were on level 3 of the Dungeon.
You visited 1 branch of the dungeon, and saw 3 of its levels.

You collected 65 gold pieces.

Inventory:

Hand Weapons
 f - a +3 trident of protection (weapon)
Armour
 a - a +0 robe (worn)
Scrolls
 d - a scroll of magic mapping {unknown}
 h - a scroll of enchant armour {unknown}
Potions
 b - a potion of magic {unknown}
 c - a potion of heal wounds {unknown}
 e - 2 potions of lignification {unknown}
 g - a potion of curing {unknown}


   Skills:
 + Level 1.3 Fighting
 + Level 1.3 Short Blades
 + Level 1.3 Long Blades
 + Level 1.3 Axes
 + Level 1.3 Maces & Flails
 + Level 1.3 Polearms
 + Level 1.3 Staves
 + Level 1.3 Slings
 + Level 1.3 Bows
 + Level 1.3 Crossbows
 + Level 1.3 Throwing
 + Level 1.3 Armour
 + Level 4.7 Dodging
 + Level 4.3 Stealth
 + Level 1.3 Shields
 + Level 1.3 Unarmed Combat
 + Level 5.1 Spellcasting
 + Level 1.0 Conjurations
 + Level 1.0 Hexes
 + Level 1.0 Summonings
 + Level 1.0 Necromancy
 + Level 1.0 Translocations
 + Level 2.3 Transmutations
 + Level 1.0 Fire Magic
 + Level 1.0 Ice Magic
 + Level 1.0 Air Magic
 + Level 1.0 Earth Magic
 + Level 5.5 Poison Magic
 + Level 1.4 Invocations
 + Level 1.3 Evocations


You had 11 spell levels left.
You knew the following spells:

 Your Spells              Type           Power      Damage    Failure   Level
a - Sting                 Tmut/Pois      60%        1d6       3%          1
b - Apportation           Tloc           14%        N/A       11%         1

Your spell library contained the following spells:

 Spells                   Type           Power      Damage    Failure   Level
 Poisonous Vapours        Pois/Air       26%        N/A       6%          2
 Animate Skeleton         Necr           14%        N/A       11%         1
 Summon Small Mammal      Summ           28%        N/A       11%         1
 Mephitic Cloud           Conj/Pois/Air  11%        N/A       17%         3
 Olgreb's Toxic Radiance  Pois           20%        N/A       17%         4


Dungeon Overview and Level Annotations

Branches:
Dungeon (3/15)

Altars:


Innate Abilities, Weirdness & Mutations

You have very sharp teeth.
Your uncanny sense of smell can sniff out nearby items.
Your experience applies equally to all skills.


Message History

Casting: Sting (safe; 3% risk of failure)
Confirm with . or Enter, or press ? or * to list all spells.
Aiming: Sting (safe; 3% risk of failure)
Press: ? - help, Shift-Dir - straight line, f/p - orc
Aim: an orc, wielding a +2 hand axe of freezing (almost dead, poisoned, 74% to hit)
The sting hits the orc.
The orc looks even sicker.
You kill the orc!
Casting: Sting (safe; 3% risk of failure)
Confirm with . or Enter, or press ? or * to list all spells.
Aiming: Sting (safe; 3% risk of failure)
Press: ? - help, Shift-Dir - straight line, f - orc
Aim: an orc, wielding a +0 short sword (74% to hit)
The sting misses the orc.
The sting hits the orc priest but does no damage.
The orc priest looks even sicker.
The orc priest is moderately wounded.
You barely miss the orc.
The orc hits you with a +0 short sword. x2
* * * LOW HITPOINT WARNING * * *
Casting: Sting (safe; 3% risk of failure)
Confirm with . or Enter, or press ? or * to list all spells.
Aiming: Sting (safe; 3% risk of failure)
Press: ? - help, Shift-Dir - straight line, f/p - orc
Aim: an orc, wielding a +0 short sword (74% to hit)
The sting hits the orc.
The orc is poisoned.
The orc is lightly wounded.
The orc barely misses you.
Casting: Sting (safe; 3% risk of failure)
Confirm with . or Enter, or press ? or * to list all spells.
Aiming: Sting (safe; 3% risk of failure)
Press: ? - help, Shift-Dir - straight line, f/p - orc
Aim: an orc, wielding a +0 short sword (lightly wounded, poisoned, 74% to hit)
The sting hits the orc.
The orc looks even sicker.
The orc is severely wounded.
The orc hits you with a +0 short sword.
* * * LOW HITPOINT WARNING * * *
The orc priest calls upon Beogh to heal the orc.
The orc is healed somewhat.
The orc priest calls down the wrath of Beogh upon you.
Beogh smites you!
You die...

#.# #...⌠...# #.#
#..#.#.## #.#
.#......# #.#
.#.###..# #.# .#.#
#.## #.# .#.# ... #.#
.#.##..# #.#########
...(#..
#.......@.####.......
#########.o.ol.......
######....... #...###
####


You could see an orc priest (poisoned), an orc (very poisoned) and a frilled
lizard.

Vanquished Creatures
  A scorpion (D:3)
  An adder (D:2)
  2 dart slugs (D:1)
  An orc (D:3)
  4 endoplasms
  2 giant cockroaches
  A goblin (D:2)
  5 hobgoblins
  3 jackals (D:2)
  2 quokkas
  4 ball pythons
  A bat (D:2)
  2 frilled lizards (D:1)
  A kobold (D:1)
  8 rats
38 creatures vanquished.

Vanquished Creatures (others)
  4 plants (D:2)
4 creatures vanquished.

Grand Total: 42 creatures vanquished

Notes
Turn   | Place    | Note
-------+----------+-------------------------------------------
     0 | D:1      | Spaninq the Gnoll Venom Mage began the quest for the Orb.
     0 | D:1      | Reached XP level 1. HP: 13/13 MP: 6/6
   178 | D:1      | Reached XP level 2. HP: 19/19 MP: 1/7
   472 | D:1      | Found a faded altar of an unknown god.
   794 | D:2      | Reached XP level 3. HP: 25/25 MP: 7/9
   889 | D:2      | Reached skill level 5 in Spellcasting
  1062 | D:2      | Reached skill level 1 in Invocations
  1234 | D:2      | Learned a level 1 spell: Apportation
  1536 | D:2      | Reached skill level 1 in Fighting
  1536 | D:2      | Reached skill level 1 in Short Blades
  1536 | D:2      | Reached skill level 1 in Long Blades
  1536 | D:2      | Reached skill level 1 in Axes
  1536 | D:2      | Reached skill level 1 in Maces & Flails
  1536 | D:2      | Reached skill level 1 in Polearms
  1536 | D:2      | Reached skill level 1 in Staves
  1536 | D:2      | Reached skill level 1 in Slings
  1536 | D:2      | Reached skill level 1 in Bows
  1536 | D:2      | Reached skill level 1 in Crossbows
  1536 | D:2      | Reached skill level 1 in Throwing
  1536 | D:2      | Reached skill level 1 in Armour
  1536 | D:2      | Reached skill level 1 in Shields
  1536 | D:2      | Reached skill level 1 in Unarmed Combat
  1536 | D:2      | Reached skill level 1 in Evocations
  1595 | D:3      | Noticed a scorpion
  1601 | D:3      | Killed a scorpion
  1602 | D:3      | Reached skill level 1 in Conjurations
  1602 | D:3      | Reached skill level 1 in Hexes
  1602 | D:3      | Reached skill level 1 in Summonings
  1602 | D:3      | Reached skill level 1 in Necromancy
  1602 | D:3      | Reached skill level 1 in Translocations
  1602 | D:3      | Reached skill level 1 in Fire Magic
  1602 | D:3      | Reached skill level 1 in Ice Magic
  1602 | D:3      | Reached skill level 1 in Air Magic
  1602 | D:3      | Reached skill level 1 in Earth Magic
  1602 | D:3      | Reached XP level 4. HP: 32/32 MP: 6/11
  1710 | D:3      | Killed from afar by an orc priest

Illustrated notes

Levels and vault maps discovered:
D:1:      dpeg_arrival_prison, layout_rooms, chequers_ecumenical_altar_simple,
          glass_columns_a
D:2:      cheibrodos_old_hovel, layout_basic, minmay_misc_feat_pillars
D:3:      layout_loops_ring, nicolae_overflow_crystal_walls,
          mainiacjoe_overflow_alcove_1, hangedman_feature_mirror,
          chequers_avenue, uniq_sigmund, uniq_robin

Skill      XL: |  1  2  3 |
---------------+----------+-----
Transmutations | 2 |  2.3
Spellcasting   | 5 |  5.1
Invocations    | 1 |  1.4
Fighting       | 1 |  1.3
Short Blades   | 1 |  1.3
Long Blades    | 1 |  1.3
Axes           | 1 |  1.3
Maces & Flails | 1 |  1.3
Polearms       | 1 |  1.3
Staves         | 1 |  1.3
Slings         | 1 |  1.3
Bows           | 1 |  1.3
Crossbows      | 1 |  1.3
Throwing       | 1 |  1.3
Armour         | 1 |  1.3
Shields        | 1 |  1.3
Unarmed Combat | 1 |  1.3
Evocations     | 1 |  1.3
Conjurations   | 1 |  1.0
Hexes          | 1 |  1.0
Summonings     | 1 |  1.0
Necromancy     | 1 |  1.0
Translocations | 1 |  1.0
Fire Magic     | 1 |  1.0
Ice Magic      | 1 |  1.0
Air Magic      | 1 |  1.0
Earth Magic    | 1 |  1.0
Dodging        | |  4.7
Stealth        | |  4.3
Poison Magic   | |  5.5

Action                   |  1- 3 |  4- 6 || total
-------------------------+-------+-------++-------
Melee: Trident           |     4 |     1 ||     5
 Cast: Sting             |    63 |     6 ||    69
Armor: Robe              |     1 |       ||     1
Dodge: Dodged            |    28 |     1 ||    29

Table legend: (Time is in decaauts)
 A = Elapsed time spent in this place.
 B = Non-inter-level travel time spent in this place.
 C = Inter-level travel time spent in this place.
 D = Time resting spent in this place.
 E = Time spent auto-exploring this place.
 F = Levels seen in this place.
 G = Mean time per level.
                   A        B        C        D        E       F      G
               +--------+--------+--------+--------+--------+-----+--------+
         Total |   1711 |   1676 |     35 |    269 |   1118 |   3 |  570.3 |
       Dungeon |   1711 |   1676 |     35 |    269 |   1118 |   3 |  570.3 |
               +--------+--------+--------+--------+--------+-----+--------+

Top non-repeatable levels by time:
     D:2: 820 daAuts
     D:1: 775 daAuts
     D:3: 114 daAuts
